 Dungeon Crawl Stone Soup version 0.24.0-13-gcf9b319 (webtiles) character file.

Game seed: 10343737468932250546, levelgen mode: deterministic

21 Boetheseconed the Chopper (level 2, -2/20 HPs)
             Began as a Hill Orc Wanderer on Dec 11, 2019.
             Killed from afar by Natasha (7 damage)
             ... with a magic dart
             ... on level 2 of the Dungeon on Dec 12, 2019.
             The game lasted 00:06:03 (1213 turns).

Boetheseconed the Chopper (Hill Orc Wanderer)       Turns: 1213, Time: 00:06:33

Health: -2/20      AC:  2    Str: 14    XL:     2   Next: 83%
Magic:  0/6        EV: 11    Int: 13    God:
Gold:   23         SH:  0    Dex:  9    Spells: 5/8 levels left

rFire    . . .     SeeInvis .   a - +0 hand axe
rCold    . . .     Gourm    .   (no shield)
rNeg     . . .     Faith    .   d - +0 robe
rPois    .         Spirit   .   (no helmet)
rElec    .         Reflect  .   (no cloak)
rCorr    .         Harm     .   (no gloves)
MR       .....                  (no boots)
Stlth    +.........             (no amulet)
HPRegen  0.06/turn              (no ring)
MPRegen  0.10/turn              (no ring)

@: very slightly contaminated
A: no striking features
a: no special abilities


You were on level 2 of the Dungeon.
You were not hungry.

You visited 1 branch of the dungeon, and saw 2 of its levels.

You collected 23 gold pieces.

Inventory:

Hand Weapons
 a - a +0 hand axe (weapon)
Armour
 d - a +0 robe (worn)
Scrolls
 e - a scroll of fog {unknown}
Potions
 b - a potion of brilliance {unknown}
 c - a potion of lignification
 h - a potion of haste {unknown}
Comestibles
 f - 4 rations
 g - 5 chunks of flesh


   Skills:
 + Level 4.2 Axes
 + Level 1.0 Stealth
 + Level 3.7 Spellcasting
 + Level 0.5 Conjurations
   Level 1.0 Necromancy
   Level 1.0 Evocations


You had 5 spell levels left.
You knew the following spells:

 Your Spells              Type           Power        Failure   Level  Hunger
a - Magic Dart            Conj           #...         17%         1    #......
b - Call Imp              Summ           #.......     32%         2    ##.....

Your spell library contained the following spells:

 Spells                   Type           Power        Failure   Level  Hunger
 Blink                    Tloc           N/A          32%         2    ##.....
 Slow                     Hex            #.......     32%         2    ##.....
 Conjure Flame            Conj/Fire      #.......     50%         3    ###....
 Mephitic Cloud           Conj/Pois/Air  #.......     52%         3    ###....


Dungeon Overview and Level Annotations

Branches:
Dungeon (1/15)

Altars:

Annotations:
D:2 Natasha


Message History

Press: ? - help, Shift-Dir - straight line, f/p - Natasha
Aim: Natasha (lightly wounded)
The magic dart hits Natasha.
Natasha is lightly wounded.
Natasha claws you.
A rat comes into view.
You closely miss Natasha.
Natasha is lightly wounded.
Natasha claws you.
You hit Natasha but do no damage.
Natasha is lightly wounded.
Natasha claws you. x2
* * * LOW HITPOINT WARNING * * *
You closely miss Natasha.
Natasha is lightly wounded.
Natasha howls an incantation.
You feel troubled.
Natasha stares at you and mumbles some strange words.
The magic dart hits you!
You die...

.# .# .#
.# .#
##.######
#h.......
#@.....#
#.######
#.# #r#
#.# #.#
#.. ###


You could see Natasha and a rat.

Vanquished Creatures
  3 leopard geckos (D:1)
  A bat (D:1)
  2 goblins (D:1)
  6 hobgoblins (D:1)
  2 frilled lizards (D:1)
  A rat (D:1)
15 creatures vanquished.

Vanquished Creatures (collateral kills)
  A bat (D:1)
1 creature vanquished.

Vanquished Creatures (others)
  A leopard gecko (D:1)
  A goblin (D:1)
  A kobold (D:1)
  A bat (D:1)
4 creatures vanquished.

Grand Total: 20 creatures vanquished

Notes
Turn   | Place    | Note
-------+----------+-------------------------------------------
     0 | D:1      | Boetheseconed the Hill Orc Wanderer began the quest for the
                  | Orb.
     0 | D:1      | Boetheseconed set off with the following items: a +0 hand
                  | axe, a potion of lignification, a +0 robe, a ration; and
                  | the following spell memorised: Magic Dart; and the
                  | following spells available to memorise: Blink, Call Imp,
                  | Slow, Conjure Flame, Mephitic Cloud
     0 | D:1      | Reached XP level 1. HP: 14/14 MP: 4/4
   697 | D:1      | Reached XP level 2. HP: 20/20 MP: 6/6
   725 | D:1      | Learned a level 2 spell: Call Imp
  1205 | D:1      | You fall into a shaft and drop 1 floor!
  1205 | D:2      | Noticed Natasha
  1213 | D:2      | Killed from afar by Natasha

Levels and vault maps discovered:
D:1:      wheals_arrival_shading, layout_basic, lemuel_flame_loot_1
D:2:      layout_loops_ring, led_sif_pool, overflow_temple_1_default,
          grunt_ministairs_3, minmay_close_crescents, uniq_terence, uniq_natasha

Action                   || total
-------------------------++-------
Melee: Hand axe          ||    45
 Cast: Magic Dart        ||    26
       Call Imp          ||     1
  Eat: Chunk             ||     1
Armor: Robe              ||     8
Dodge: Dodged            ||    28
